 Dungeon Crawl Stone Soup version 0.19.0-2-gae57169 (webtiles) character file.

949 Larett the Covert (level 7, -2/33 HPs)
             Began as a Spriggan Assassin on Nov 4, 2016.
             Slain by a sky beast (6 damage)
             ... on level 5 of the Dungeon.
             The game lasted 00:16:08 (6183 turns).

Larett the Covert (Spriggan Assassin)               Turns: 6183, Time: 00:16:09

Health: -2/33      AC:  3    Str:  7      XL:     7   Next: 89%
Magic:  8/8        EV: 26    Int:  9 (12) God:
Gold:   209        SH:  2    Dex: 20      Spells: 0 memorised, 6 levels left

rFire  . . .     SeeInvis +     a - +2 spear (pierce)
rCold  . . .     Gourm    .     u - +0 robe
rNeg   . . .     Faith    .     (shield restricted)
rPois  .         Spirit   .     (helmet restricted)
rElec  .         Reflect  +     d - +0 cloak
rCorr  .         Harm     .     (gloves unavailable)
MR     +....                    (boots unavailable)
Stlth  ++++++....               v - +2 amulet of reflection
                                p - ring of stealth
                                n - ring of flight

@: very quick
A: unfitting armour, see invisible, herbivore 3, speed 3, slow metabolism 2
a: Evoke Flight


You were on level 5 of the Dungeon.
You were not hungry.

You visited 1 branch of the dungeon, and saw 5 of its levels.

You collected 209 gold pieces.

Inventory:

Hand Weapons
 a - a +2 spear of piercing (weapon)
 b - a +0 hunting sling
 c - a +0 blowgun
 o - a +2 dagger
 r - a +0 falchion of slicing
 y - a +2 hand axe of venom
 A - a +0 whip of flaming
 F - a +0 hunting sling
 G - a +2 short sword of draining
Missiles
 e - 35 poisoned needles
 f - 6 curare-tipped needles
 i - 38 arrows
 j - 28 sling bullets
 k - 16 bolts
 l - 5 needles of confusion
 q - 113 stones (quivered)
 B - 2 tomahawks
Armour
 d - a +0 cloak (worn)
 u - a +0 robe (worn)
Jewellery
 n - a ring of flight (left hand)
 p - a ring of stealth (right hand)
 v - a +2 amulet of reflection (around neck)
Scrolls
 h - 2 scrolls of enchant weapon
 m - 2 scrolls of remove curse
 t - a scroll of fear {unknown}
 w - a scroll of silence {unknown}
 x - 4 scrolls of identify
Potions
 s - a potion of degeneration {!q}
 z - a potion of mutation {unknown}
 D - 2 potions of agility
Comestibles
 g - a bread ration


   Skills:
 - Level 1.5 Fighting
 - Level 2.1 Short Blades
 - Level 2.0 Throwing
 + Level 9.6 Dodging
 - Level 11.0 Stealth


You had 6 spell levels left.
You didn't know any spells.

Dungeon Overview and Level Annotations

Branches:
Dungeon (5/15)
 Temple: D:4-7

Altars:
Ashenzari
Elyvilon
Sif Muna
Vehumet


Innate Abilities, Weirdness & Mutations

You are very small and have problems with some larger weapons.
You are too small for most types of armour.
You have supernaturally acute eyesight. (SInv)
You are a herbivore.
You cover ground extremely quickly.
You need consume almost no food.


Message History

The sky beast is heavily wounded.
The sky beast completely misses you.
You hit the sky beast but do no damage.
The sky beast is heavily wounded.
The sky beast completely misses you.
You hit the sky beast.
The sky beast is almost dead.
The sky beast hits you.
* * * LOW HITPOINT WARNING * * *
The sky beast shocks you.
* * * LOW HITPOINT WARNING * * *
You barely miss the sky beast.
The sky beast is almost dead.
The sky beast misses you.
You closely miss the sky beast.
The sky beast is almost dead.
The sky beast hits you.
* * * LOW HITPOINT WARNING * * *
The sky beast shocks you.
You die...

#.....# #.....# #.....#
#.....# #.#.###
#.#.###########
#.#...........#
######.#...........#
#......iY..........#
#..................####
#..........##.........#
######'#....+.........#
#.######.........+ #.#
#..†........## #.#
#............. #.
#.............
#......##.....


You could see a sky beast.

Vanquished Creatures
  The ghost of estick the Shield-Bearer, an amateur GrFi (D:3)
  Eustachio (D:5)
  3 ogres
  A big kobold (D:5)
  3 worker ants
  10 adders
  4 gnolls (D:3)
  An ooze (D:2)
  A worm (D:2)
  3 leopard geckos
  10 orcs (D:3)
  3 ball pythons
  9 bats
  6 giant cockroaches
  6 goblins
  7 hobgoblins
  8 jackals
  A quokka (D:5)
  9 frilled lizards
  30 kobolds
  A leopard gecko skeleton (D:4)
  4 rats
  A plant (D:5)
123 creatures vanquished.

Notes
Turn   | Place    | Note
-------+----------+-------------------------------------------
     0 | D:1      | Larett the Spriggan Assassin began the quest for the Orb.
     0 | D:1      | Reached XP level 1. HP: 10/10 MP: 2/2
    20 | D:1      | Reached skill level 6 in Stealth
   321 | D:1      | Reached XP level 2. HP: 13/14 MP: 3/3
   490 | D:1      | Reached skill level 7 in Stealth
  1272 | D:2      | Reached XP level 3. HP: 18/18 MP: 4/4
  1333 | D:2      | Found a white marble altar of Elyvilon.
  1787 | D:2      | HP: 1/18 [adder (3)]
  1788 | D:2      | Reached skill level 8 in Stealth
  2373 | D:2      | Reached XP level 4. HP: 20/22 MP: 5/5
  2828 | D:3      | Reached skill level 9 in Stealth
  3112 | D:3      | Noticed estick's ghost (amateur GrFi)
  3487 | D:3      | Killed estick's ghost
  3487 | D:3      | Reached skill level 11 in Stealth
  3487 | D:3      | Reached XP level 5. HP: 13/25 MP: 6/6
  3487 | D:3      | Reached XP level 6. HP: 16/30 MP: 7/7
  3757 | D:3      | Reached skill level 2 in Dodging
  3816 | D:3      | Reached skill level 3 in Dodging
  4030 | D:3      | Reached skill level 4 in Dodging
  4547 | D:4      | HP: 3/30 [ogre/giant spiked club (15)]
  4620 | D:4      | Reached skill level 5 in Dodging
  5013 | D:4      | Found a shattered altar of Ashenzari.
  5260 | D:4      | Found a radiant altar of Vehumet.
  5306 | D:5      | Entered Level 5 of the Dungeon
  5370 | D:5      | Reached skill level 6 in Dodging
  5370 | D:5      | Reached XP level 7. HP: 23/33 MP: 8/8
  5485 | D:5      | Reached skill level 7 in Dodging
  5694 | D:5      | Found a deep blue altar of Sif Muna.
  5738 | D:5      | Noticed Eustachio
  5780 | D:5      | Killed Eustachio
  5780 | D:5      | Reached skill level 8 in Dodging
  6054 | D:5      | Reached skill level 9 in Dodging
  6181 | D:5      | HP: 6/33 [sky beast (5)]
  6183 | D:5      | Slain by a sky beast

Skill      XL: |  1  2  3  4  5  6  7 |
---------------+----------------------+-----
Stealth        | 6 7 8 11 | 11.0
Dodging        | 6 9 |  9.6
Fighting       | |  1.5
Short Blades   | |  2.1
Throwing       | |  2.0

Action                   |  1- 3 |  4- 6 |  7- 9 || total
-------------------------+-------+-------+-------++-------
Melee: Dagger            |    61 |       |       ||    61
       Spear             |    46 |   182 |    92 ||   320
       Hand axe          |       |     4 |    48 ||    52
 Fire: Blowgun           |     4 |    23 |       ||    27
       Hunting sling     |    15 |    64 |       ||    79
Throw: Stone             |       |     6 |       ||     6
  Use: Scroll            |     4 |       |     2 ||     6
       Potion            |       |     1 |     4 ||     5
 Stab: Sleeping          |    13 |    12 |     3 ||    28
       Distracted        |     1 |     2 |     1 ||     4
       Invisible         |       |       |     3 ||     3
  Eat: Pizza             |       |     1 |       ||     1
       Bread ration      |       |       |     1 ||     1
Armor: Robe              |    18 |    13 |    11 ||    42
Dodge: Dodged            |    73 |   108 |   209 ||   390
Block: Other             |       |     4 |    14 ||    18
